 Dungeon Crawl Stone Soup version 0.20.0-7-g3b7b877 (webtiles) character file.

54170 Jannitor the Arsonist (level 14, -2/115 HPs)
             Began as a Grey Draconian Fire Elementalist on May 29, 2017.
             Was the Champion of Vehumet.
             Slain by a two-headed ogre
             ... wielding a +0 giant club
              (25 damage)
             ... on level 2 of the Orcish Mines.
             The game lasted 01:06:21 (22559 turns).

Jannitor the Arsonist (DrFE)                       Turns: 22559, Time: 01:06:22

Health: -2/115     AC: 14    Str: 11    XL:     14   Next: 33%
Magic:  28/28      EV: 15    Int: 31    God:    Vehumet [******]
Gold:   1244       SH:  5    Dex: 12    Spells: 4/33 levels left

rFire    + . .     SeeInvis .   y - staff of fire
rCold    . . .     Gourm    .   t - +0 buckler
rNeg     . . .     Faith    +   (armour unavailable)
rPois    .         Spirit   .   s - +1 hat
rElec    .         Reflect  .   (no cloak)
rCorr    .         Harm     .   (no gloves)
MR       ++...                  (no boots)
Stlth    ++........             U - amulet of faith
Regen    0.7/turn               Q - +5 ring of intelligence
MPRegen  0.3/turn               F - +4 ring of intelligence

@: drained
A: walk through water, unfitting armour, horns 2, clever 1, magic resistance 1,
regeneration 1, unbreathing, cold-blooded, AC +13
a: Renounce Religion


You were on level 2 of the Orcish Mines.
You worshipped Vehumet.
Vehumet was exalted by your worship.
You were hungry.

You visited 4 branches of the dungeon, and saw 20 of its levels.
You also visited: Labyrinth and Sewer.

You collected 1244 gold pieces.

Inventory:

Hand Weapons
 p - a +4 quarterstaff of chaos
 P - the +8 dagger "Luedaetury" {pierce, rPois Dex+3 Stlth+}
   (You found it on level 9 of the Dungeon)

   It inflicts extra damage upon your enemies.
   It affects your dexterity (+3).
   It protects you from poison.
   It makes you more stealthy.
Armour
 s - a +1 hat (worn)
 t - a +0 buckler (worn)
Magical Staves
 a - an uncursed staff of power
 y - an uncursed staff of fire (weapon)
Jewellery
 k - an uncursed ring of positive energy
 u - an uncursed ring of protection from fire
 w - an uncursed amulet of regeneration
 F - a +4 ring of intelligence (right hand)
 Q - a +5 ring of intelligence (left hand)
 U - an amulet of faith (around neck)
Wands
 r - a wand of lightning (8/15)
 E - a wand of lightning (5/15)
 K - a wand of confusion (26/48)
 M - a wand of iceblast (10/15)
 N - a wand of confusion (29/48)
 O - a wand of lightning (4/15)
 S - a wand of disintegration (10/24)
Scrolls
 c - 6 scrolls of enchant weapon
 d - 9 scrolls of identify
 h - 2 scrolls of teleportation
 j - 2 scrolls of enchant armour
 m - a scroll of fear
 q - 5 scrolls of remove curse
 v - 2 scrolls of summoning {unknown}
 A - a scroll of magic mapping
 B - 2 scrolls of recharging
 D - 3 scrolls of fog
 V - 3 scrolls of amnesia
 X - a scroll of noise {unknown}
 Y - a scroll of random uselessness {unknown}
 Z - a scroll of blinking
Potions
 i - a potion of haste
 x - 4 potions of magic
 z - 2 potions of flight
 H - a potion of mutation
 J - a potion of brilliance
 R - 2 potions of ambrosia
 W - 2 potions of berserk rage
Miscellaneous
 l - a phantom mirror
 T - a lamp of fire (inert)
Comestibles
 b - 10 bread rations
 f - 8 meat rations
 g - a royal jelly
 n - 18 fruits


   Skills:
 + Level 8.1(8.0) Fighting
 + Level 10.7(10.5) Staves
 - Level 7.1(6.9) Dodging
 - Level 2.9(2.8) Stealth
 - Level 6.4(6.2) Shields
 + Level 10.1(9.9) Spellcasting
 + Level 8.9(8.7) Conjurations
 - Level 10.7(10.5) Fire Magic
 + Level 0.4(0.2) Poison Magic
 - Level 9.7(9.5) Evocations


You had 4 spell levels left.
You knew the following spells:

 Your Spells              Type           Power        Failure   Level  Hunger
a - Flame Tongue          Conj/Fire      #####        1%          1    None
b - Conjure Flame         Conj/Fire      #######.     1%          3    None
c - Sticky Flame          Conj/Fire      #######.     1%          4    None
d - Dazzling Spray        Conj/Hex       #####.       1%          3    None
e - Fireball              Conj/Fire      #######...   1%          5    ###....
f - Spellforged Servitor  Conj/Summ      #####.....   71%         7    ######.
g - Poison Arrow          Conj/Pois      #####.....   21%         6    #####..


Dungeon Overview and Level Annotations

Branches:
Dungeon (11/15)            Temple (1/1) D:5            Lair (6/6) D:10
  Swamp (0/4) Lair:4       Spider (0/4) Lair:4        Slime (0/5) Lair:5
    Orc (2/2) D:10
    Elf: Orc:2

Altars:
Ashenzari
Cheibriados
Dithmenos
Elyvilon
Fedhas
Gozag
Hepliaklqana
Kikubaaqudgha
Makhleb
Nemelex Xobeh
Okawaru
Qazlal
Ru
Sif Muna
Trog
Uskayaw
Vehumet
Xom
Yredelemnul
Zin
The Shining One
Jiyva

Annotations:
D:7 2 transporters
D:10 exclusion: downstairs


Innate Abilities, Weirdness & Mutations

You can walk through water.
Your dull iron-grey scales are very hard. (AC +13)
You cannot fit into any form of body armour.
You can survive without breathing.
You are cold-blooded and may be slowed by cold attacks.
You have a pair of horns on your head.
Your mind is acute. (Int +2)
You are resistant to hostile enchantments. (MR+)
Your natural rate of healing is unusually fast.


Message History

Unknown command.
You climb downwards.
You block the ogre's attack. The two-headed ogre barely misses you.
The two-headed ogre closely misses you.
The two-headed ogre hits you with a giant club!
The two-headed ogre hits you with a giant spiked club!!
The two-headed ogre hits you with a giant club!
The two-headed ogre misses you.
The orc wizard casts a spell.
The orc wizard blinks!
There is a stone staircase leading up, spattered with blood here.
You see here 4 tomahawks.
Unknown command.
You block the ogre's attack. The two-headed ogre closely misses you.
The two-headed ogre misses you.
The two-headed ogre hits you with a giant club!
The two-headed ogre hits you with a giant club!!
* * * LOW HITPOINT WARNING * * *
The two-headed ogre completely misses you.
The two-headed ogre hits you with a giant spiked club!!
You die...

## ####O##
##o$@(.## .
##.$OOO..# ..#
#.$).[...##
....##[C.)......#
.....[[.........#
......[.......$..#
.....$....###...$#
........### ....#
......... .....


You could see a stone giant, 3 two-headed ogres, an ogre and an orc wizard.

Vanquished Creatures
  Rupert (Lair:3)
  Kirke (Lair:4)
  An orc warlord (Orc:1)
  Josephine (Lair:6)
  A minotaur (Lab)
  A hydra (Lair:5)
  7 two-headed ogres
  3 death yaks (Lair:4)
  A queen ant (D:10)
  3 ogre magi
  An orc knight (Orc:1)
  3 orc sorcerers
  An orb spider (Lair:4)
  An oklob plant (Lair:5)
  6 black mambas
  Joseph (D:8)
  2 elephants (Lair:6)
  Psyche (D:8)
  11 spiny frogs
  5 gargoyles
  A rime drake (Lair:4)
  5 komodo dragons
  A polar bear (Lair:6)
  12 blink frogs
  8 hippogriffs
  A spriggan (D:7)
  2 redbacks (Lab)
  2 wyverns
  43 yaks
  Eustachio (D:5)
  3 hogs (Lair:4)
  A hungry ghost (D:10)
  5 basilisks
  Grum (D:8)
  2 wargs (Orc:1)
  8 soldier ants
  11 water moccasins
  Duvessa (D:7)
  12 porcupines
  10 orc warriors
  2 sky beasts
  7 ice beasts
  4 black bears
  2 phantoms (D:10)
  4 necrophages
  17 ogres
  14 wolves
  2 centaurs
  9 crocodiles
  15 bullfrogs
  Blork the orc (D:5)
  3 big kobolds
  Dowan (D:7)
  5 scorpions
  6 killer bees (D:10)
  3 wights (D:9)
  An electric eel (Lair:1)
  4 howler monkeys
  4 lava snakes (Lab)
  2 crimson imps
  2 centaur zombies
  A bullfrog zombie (D:5)
  11 hounds
  2 jellies
  6 orc priests
  Crazy Yiuf (D:2)
  Jessica (D:3)
  2 iguanas (D:8)
  19 orc wizards
  27 worker ants
  A hound skeleton (D:7)
  2 hound zombies
  3 worker ant zombies
  Robin (D:3)
  9 gnolls
  18 adders
  3 river rats (Sewer)
  2 shadow imps
  An ooze (Sewer)
  3 adder skeletons
  4 worms
  12 dart slugs
  9 leopard geckos
  57 orcs
  10 giant cockroaches
  16 goblins
  9 hobgoblins
  10 jackals
  16 kobolds
  7 quokkas
  10 ball pythons (Sewer)
  12 bats
  3 frilled lizards
  28 rats
  A bush (Lair:2)
607 creatures vanquished.

Vanquished Creatures (others)
  A human (Lair:4)
  A water moccasin (Lair:4)
  A bullfrog (Lair:4)
  8 fungi
  24 plants
35 creatures vanquished.

Grand Total: 642 creatures vanquished

Notes
Turn   | Place    | Note
-------+----------+-------------------------------------------
     0 | D:1      | Jannitor the Draconian Fire Elementalist began the quest for the Orb.
     0 | D:1      | Reached XP level 1. HP: 14/14 MP: 3/3
    45 | D:1      | Found a shattered altar of Ashenzari.
   241 | D:1      | Reached XP level 2. HP: 18/20 MP: 0/5
   870 | D:1      | Reached XP level 3. HP: 26/26 MP: 0/6
  1701 | D:2      | Reached XP level 4. HP: 33/33 MP: 5/7
  1803 | D:2      | Found a runed door.
  2153 | D:2      | Learned a level 3 spell: Conjure Flame
  2232 | D:2      | Noticed Crazy Yiuf
  2237 | D:2      | Killed Crazy Yiuf
  2413 | D:3      | Noticed Robin
  2435 | D:3      | Killed Robin
  2435 | D:3      | Reached XP level 5. HP: 14/38 MP: 8/8
  2766 | D:3      | Noticed Jessica
  2774 | D:3      | Killed Jessica
  3259 | D:4      | Noticed Eustachio
  3668 | D:4      | Reached XP level 6. HP: 45/45 MP: 7/10
  3761 | D:5      | Entered Level 5 of the Dungeon
  3882 | D:5      | Found a staircase to the Ecumenical Temple.
  3897 | Temple   | Entered the Ecumenical Temple
  4070 | Temple   | Became a worshipper of Vehumet
  4130 | Temple   | Learned a level 4 spell: Sticky Flame
  4154 | D:5      | Noticed Blork the orc
  4372 | Temple   | Gained mutation: You do not regenerate when monsters are visible. [potion of mutation]
  4372 | Temple   | Gained mutation: You expend magic power (3 MP) to strengthen your wands. [potion of mutation]
  4372 | Temple   | Gained mutation: You are robust. (+10% HP) [potion of mutation]
  4373 | Temple   | Lost mutation: You expend magic power (3 MP) to strengthen your wands. [potion of mutation]
  4373 | Temple   | Lost mutation: You do not regenerate when monsters are visible. [potion of mutation]
  4373 | Temple   | Lost mutation: You are robust. (+10% HP) [potion of mutation]
  4373 | Temple   | Gained mutation: You are frail. (-10% HP) [potion of mutation]
  4373 | Temple   | Gained mutation: You are weak. (Str -2) [potion of mutation]
  4373 | Temple   | Gained mutation: You have sharp toenails. [potion of mutation]
  4374 | Temple   | Lost mutation: You are weak. (Str -2) [potion of mutation]
  4374 | Temple   | Lost mutation: You are frail. (-10% HP) [potion of mutation]
  4374 | Temple   | Lost mutation: You have sharp toenails. [potion of mutation]
  4374 | Temple   | Gained mutation: Your muscles are strong. (Str +2) [potion of mutation]
  4374 | Temple   | Gained mutation: Your magical capacity is low. (-10% MP) [potion of mutation]
  4374 | Temple   | Lost mutation: Your magical capacity is low. (-10% MP) [potion of mutation]
  4384 | Temple   | Reached skill level 5 in Fire Magic
  4412 | D:5      | Killed Blork the orc
  4661 | D:5      | Your scales start taking on a dull iron-grey colour.
  4661 | D:5      | Reached XP level 7. HP: 43/50 MP: 4/12
  4661 | D:5      | Gained mutation: You can survive without breathing. [Grey Draconian growth]
  4954 | D:5      | Reached skill level 5 in Conjurations
  5208 | D:5      | Found a bloodstained altar of Trog.
  5253 | D:5      | Reached * piety under Vehumet
  5253 | D:5      | Offered knowledge of Shock by Vehumet.
  5552 | D:5      | Killed Eustachio
  5552 | D:5      | Reached XP level 8. HP: 30/57 MP: 4/15
  5703 | D:5      | Reached skill level 5 in Spellcasting
  5917 | D:4      | Found an iron altar of Okawaru.
  6342 | D:6      | Reached skill level 1 in Staves
  6342 | D:6      | Reached skill level 1 in Evocations
  6346 | D:6      | Gained mutation: Your mind is acute. (Int +2) [mutagenic meat]
  6347 | D:6      | Gained mutation: Your magical capacity is low. (-10% MP) [mutagenic meat]
  6348 | D:6      | Gained mutation: Your natural rate of healing is unusually fast. [mutagenic meat]
  6349 | D:6      | Gained mutation: Scrolls take you a little longer to read. [mutagenic meat]
  6417 | D:6      | Found a deep blue altar of Sif Muna.
  6431 | D:6      | Offered knowledge of Sandblast by Vehumet.
  6535 | D:6      | Reached ** piety under Vehumet
  6870 | D:6      | Found a glowing drain.
  6882 | Sewer    | Entered a sewer
  6994 | Sewer    | Offered knowledge of Dazzling Spray by Vehumet.
  7005 | Sewer    | Learned a level 3 spell: Dazzling Spray
  7011 | Sewer    | Learned a level 5 spell: Fireball
  7103 | Sewer    | Reached *** piety under Vehumet
  7212 | Sewer    | Reached XP level 9. HP: 47/61 MP: 13/14
  7520 | D:6      | Offered knowledge of Throw Icicle by Vehumet.
  7696 | D:6      | Found a hazy altar of Hepliaklqana.
  7831 | D:6      | Found a blossoming altar of Fedhas.
  8020 | D:7      | Found a transporter.
  8029 | D:7      | Found a transporter.
  8644 | D:7      | Noticed Duvessa
  8653 | D:7      | Killed Duvessa
  8768 | D:7      | Noticed Dowan
  8780 | D:7      | Killed Dowan
  8948 | D:7      | Found a glowing golden altar of the Shining One.
  9049 | D:7      | Reached XP level 10. HP: 59/68 MP: 3/16
  9204 | D:7      | Reached skill level 5 in Staves
  9340 | D:8      | Noticed Grum
  9340 | D:8      | Noticed a two-headed ogre
  9381 | D:8      | Noticed Psyche
  9390 | D:8      | Killed Psyche
  9390 | D:8      | Reached **** piety under Vehumet
  9390 | D:8      | Reached skill level 5 in Evocations
  9554 | D:8      | Killed a two-headed ogre
  9636 | D:8      | Killed Grum
  9636 | D:8      | Offered knowledge of Olgreb's Toxic Radiance by Vehumet.
  9772 | D:8      | Found a sacrificial altar of Ru.
  9831 | D:8      | Noticed Joseph
  9855 | D:8      | Killed Joseph
 10724 | D:9      | Got a transparent dagger
 10750 | D:9      | Noticed a two-headed ogre
 10936 | D:9      | Identified the +8 dagger "Luedaetury" {pierce, rPois Dex+3 Stlth+} (You found it on level 9 of the Dungeon)
 11084 | D:9      | Reached ***** piety under Vehumet
 11264 | D:9      | Offered knowledge of Fulminant Prism by Vehumet.
 11733 | D:9      | Noticed a two-headed ogre
 11744 | D:9      | Killed a two-headed ogre
 11744 | D:9      | Reached XP level 11. HP: 73/73 MP: 8/19
 11868 | D:10     | Entered Level 10 of the Dungeon
 11891 | D:10     | Found a staircase to the Lair.
 11938 | D:10     | Noticed a two-headed ogre
 11950 | D:10     | Killed a two-headed ogre
 11950 | D:10     | Reached skill level 5 in Dodging
 12298 | D:10     | Found a staircase to the Orcish Mines.
 12841 | D:10     | Noticed a queen ant
 12865 | D:10     | Killed a queen ant
 13054 | D:10     | Lost mutation: Scrolls take you a little longer to read. [potion of mutation]
 13054 | D:10     | Lost mutation: Your magical capacity is low. (-10% MP) [potion of mutation]
 13054 | D:10     | Lost mutation: Your muscles are strong. (Str +2) [potion of mutation]
 13054 | D:10     | Gained mutation: You have a pair of small horns on your head. [potion of mutation]
 13054 | D:10     | Gained mutation: You are resistant to hostile enchantments. (MR+) [potion of mutation]
 13054 | D:10     | Gained mutation: You have a pair of horns on your head. [potion of mutation]
 13613 | D:11     | Noticed a skeletal warrior
 13613 | D:11     | Noticed a skeletal warrior
 13637 | Lair:1   | Entered Level 1 of the Lair of Beasts
 13798 | Lair:1   | Reached skill level 10 in Fire Magic
 14582 | Lair:2   | You fall through a shaft for 2 floors!
 14631 | Lair:3   | Noticed Rupert
 14634 | Lair:3   | Reached XP level 12. HP: 68/82 MP: 12/24
 14691 | Lair:3   | Reached skill level 1 in Fighting
 14707 | Lair:3   | Found a labyrinth entrance.
 14716 | Lab      | Entered a labyrinth
 14927 | Lab      | Offered knowledge of Force Lance by Vehumet.
 15225 | Lab      | Noticed a minotaur
 15240 | Lab      | Killed a minotaur
 15259 | Lab      | Got a crude ring mail
 16459 | Lair:3   | Reached skill level 1 in Shields
 16900 | Lair:3   | Paralysed by Rupert for 6 turns
 16908 | Lair:3   | Killed Rupert
 17514 | Lair:4   | Noticed a death yak
 17517 | Lair:4   | Noticed a death yak
 17519 | Lair:4   | Noticed a death yak
 17525 | Lair:4   | Killed a death yak
 17525 | Lair:4   | Reached skill level 5 in Fighting
 17530 | Lair:4   | Killed a death yak
 17530 | Lair:4   | Reached XP level 13. HP: 68/100 MP: 13/25
 17734 | Lair:4   | Noticed Kirke
 17752 | Lair:4   | Killed Kirke
 17951 | Lair:4   | Offered knowledge of Spellforged Servitor by Vehumet.
 18096 | Lair:4   | Learned a level 7 spell: Spellforged Servitor
 18129 | Lair:4   | Found a staircase to the Swamp.
 18471 | Lair:4   | Found a hole to the Spider Nest.
 18908 | Lair:5   | Found a viscous altar of Jiyva.
 18908 | Lair:5   | Found a staircase to the Slime Pits.
 19518 | Lair:6   | Entered Level 6 of the Lair of Beasts
 19527 | Lair:5   | Reached skill level 10 in Staves
 19724 | Lair:6   | Reached skill level 5 in Shields
 20396 | Lair:6   | Reached ****** piety under Vehumet
 20625 | Lair:6   | Offered knowledge of Yara's Violent Unravelling by Vehumet.
 20858 | Lair:6   | Noticed Josephine
 20870 | Lair:6   | Killed Josephine
 21323 | Orc:1    | Entered Level 1 of the Orcish Mines
 21455 | Orc:2    | Entered Level 2 of the Orcish Mines
 21461 | Orc:1    | Reached XP level 14. HP: 113/113 MP: 21/27
 21864 | Orc:2    | Offered knowledge of Poison Arrow by Vehumet.
 22062 | Orc:2    | Noticed an orc warlord
 22079 | Orc:1    | Killed an orc warlord
 22209 | Orc:1    | Reached skill level 10 in Spellcasting
 22330 | Orc:1    | Paralysed by an orc sorcerer for 2 turns
 22483 | Orc:1    | Learned a level 6 spell: Poison Arrow
 22485 | Orc:2    | Noticed a stone giant
 22559 | Orc:2    | Slain by a two-headed ogre

Skill      XL: |  1  2  3  4  5  6  7  8  9 10 11 12 13 14 |
---------------+-------------------------------------------+-----
Conjurations   | 2 3 4 5 6 7 8 |  8.9
Fire Magic     | 4 5 6 7 8 9 10 | 10.7
Spellcasting   | 3 4 5 6 8 9 10 | 10.1
Staves         | 3 4 6 7 9 10 | 10.7
Evocations     | 2 4 6 7 9 |  9.7
Dodging        | 2 4 6 7 |  7.1
Fighting       | 5 7 8 |  8.1
Shields        | 3 5 6 |  6.4
Stealth        | 2 |  2.9
Poison Magic   | |  0.4

Action                   |  1- 3 |  4- 6 |  7- 9 | 10-12 | 13-15 || total
-------------------------+-------+-------+-------+-------+-------++-------
Melee: Short sword       |    16 |       |       |       |       ||    16
       Tailslap          |     3 |     3 |    21 |    27 |    16 ||    70
       Quarterstaff      |       |    62 |    41 |       |       ||   103
       Staff             |       |       |    64 |   178 |   129 ||   371
       Dagger            |       |       |    55 |     3 |       ||    58
       Headbutt          |       |       |       |     9 |    16 ||    25
 Cast: Flame Tongue      |    65 |    98 |   262 |   509 |   133 ||  1067
       Conjure Flame     |       |     6 |     2 |    13 |     4 ||    25
       Sticky Flame      |       |       |    19 |    92 |   136 ||   247
       Fireball          |       |       |     1 |     1 |    13 ||    15
       Dazzling Spray    |       |       |       |    15 |       ||    15
Evoke: Wand              |       |       |       |     2 |       ||     2
       Lamp of fire      |       |       |       |     1 |     1 ||     2
  Use: Potion            |       |     4 |     1 |    11 |     8 ||    24
       Scroll            |       |     1 |       |    19 |     9 ||    29
 Stab: Sleeping          |       |     1 |     1 |     1 |       ||     3
  Eat: Chunk             |     3 |     9 |    13 |    26 |    12 ||    63
       Bread ration      |       |       |     2 |     1 |     1 ||     4
       Royal jelly       |       |       |       |     2 |       ||     2
Armor: Skin              |     7 |    28 |   144 |   134 |   108 ||   421
Dodge: Dodged            |    32 |    68 |   187 |   291 |   249 ||   827
Block: Buckler           |       |       |       |     9 |    87 ||    96
